 Dungeon Crawl Stone Soup version 0.31-a0-795-g5eb97db20b (webtiles) character file.

Game seed: 16646705517301184552

107 lunkers the Vexing (level 5, -3/37 HPs)
             Began as a Formicid Hexslinger on Sept 18, 2023.
             Slain by Sigmund
             ... wielding a +5 scythe of venom
              (4 damage)
             ... on level 3 of the Dungeon.
             The game lasted 00:04:13 (2318 turns).

lunkers the Vexing (Formicid Hexslinger)            Turns: 2318, Time: 00:04:13

Health: -3/37      AC:  4    Str: 13    XL:     5   Next: 11%
Magic:  5/6        EV: 12    Int: 12    God:
Gold:   91         SH:  0    Dex: 18    Spells: 4/6 levels left

rFire   . . .        a - +1 sling
rCold   . . .        (no shield)
rNeg    . . .        c - +0 robe
rPois   .            (helmet unavailable)
rElec   .            (no cloak)
rCorr   .            (no gloves)
SInv    +            t - +1 pair of boots
Will    .....        (no amulet)
Stlth   ++           (no ring)
HPRegen 0.26/turn    (no ring)
MPRegen 0.10/turn

%: no passive effects
@: lethally poisoned (-3 -> -8), weak-willed, enlightened, flying
A: permanent stasis, dig shafts and tunnels, antennae 3, four strong arms
a: Dig, Shaft Self


You were on level 3 of the Dungeon.
You visited 1 branch of the dungeon, and saw 3 of its levels.

You collected 91 gold pieces.

Inventory:

Hand Weapons
 a - a +1 sling (weapon)
Armour
 c - a +0 robe (worn)
 t - a +1 pair of boots (worn)
Scrolls
 b - a scroll of poison
 d - a scroll of acquirement {unknown}
 g - 4 scrolls of enchant weapon {unknown}
 h - a scroll of blinking {unknown}
 j - a scroll of identify {unknown}
 k - 2 scrolls of fear {unknown}
 l - a scroll of noise {unknown}
 n - a scroll of silence {unknown}
 p - 3 scrolls of fog {unknown}
 r - a scroll of revelation {unknown}
 s - a scroll of vulnerability {unknown}
Potions
 e - a potion of lignification {unknown}
 f - a potion of haste
 i - a potion of magic {unknown}
 m - a potion of enlightenment
 o - a potion of curing {unknown}
 q - a potion of mutation {unknown}


   Skills:
 - Level 1.1 Fighting
 * Level 4.1 Ranged Weapons
 - Level 1.7 Dodging
 - Level 1.1 Spellcasting
 + Level 4.7 Hexes
 - Level 1.0 Fire Magic


You had 4 spell levels left.
You knew the following spells:

 Your Spells              Type           Power      Damage    Failure   Level
b - Jinxbite              Hex            24%        N/A       6%          2

Your spell library contained the following spells:

 Spells                   Type           Power      Damage    Failure   Level
 Slow                     Hex            48%        N/A       4%          1
 Confusing Touch          Hex            12%        N/A       13%         3
 Sigil of Binding         Hex            12%        N/A       13%         3
 Inner Flame              Hex/Fire       7%         N/A       26%         3
 Cause Fear               Hex            6%         N/A       38%         4
 Poisonous Vapours        Pois/Air       0%         N/A       41%         2
 Mephitic Cloud           Conj/Pois/Air  0%         N/A       65%         3
 Vampiric Draining        Necr           0%         2d6       65%         3
 Dimensional Bullseye     Hex/Tloc       3%         N/A       73%         4
 Freezing Cloud           Conj/Ice/Air   0%         6-21      100%        5


Dungeon Overview and Level Annotations

Branches:
Dungeon (3/15)

Altars:

Annotations:
D:1 2 runed translucent doors
D:3 Sigmund


Innate Abilities, Weirdness & Mutations

You cannot be hasted, slowed, berserked, paralysed or teleported.
You can dig through walls and to a lower floor.
You have a pair of large antennae on your head. (SInv)
Your four strong arms can wield two-handed weapons with a shield.


Message History

You feel your willpower being sapped.
You shoot a sling bullet. The sling bullet hits Sigmund.
Sigmund shouts!
Sigmund is lightly wounded.
A giggling sprite leaps out and makes Sigmund trip over his own feet.
Sigmund is moderately wounded.
Sigmund points at you and mumbles some strange words.
You are confused.
You are too confused!
Okay, then.
Sigmund seems less drained.
Sigmund attacks as he pursues you!
Sigmund hits you from afar with a +5 scythe of venom!
You are poisoned.
The jinxing sprites lose interest in you.
You feel very sick.
You feel less confused.
You feel very sick.
Sigmund hits you from afar with a +5 scythe of venom.
* * * LOW HITPOINT WARNING * * *
Fire: a) +1 sling
Press: ? - help, Q - select action, (/) - cycle Shift-Dir - straight line, f/p - Sigmund
Aim: Sigmund, wielding a +5 scythe of venom and wearing a +0 robe (moderately wounded, 58% to hit)
You shoot a sling bullet.
The sling bullet closely misses Sigmund.
You feel very sick.
Sigmund hits you from afar with a +5 scythe of venom!
* * * LOW HITPOINT WARNING * * *
It was a potion of haste.
Your stasis prevents you from being hasted.
* * * LOW HITPOINT WARNING * * *
You feel sick.
It was a potion of enlightenment.
You feel very buoyant.
You fly up into the air.
* * * LOW HITPOINT WARNING * * *
You feel sick.
Sigmund hits you from afar with a +5 scythe of venom.
You die...
Sigmund begins carving another notch in his scythe.

>[.............# #.
###.#####......# #. ....#
#......#### #. #####
####'####.. #. #.# #.# #.
#.## #.# . #.
#..###.####... #.
#############.†......?...
................@.@..##..
##################.#.# .#
.# .# # .# .# .# .#


You could see Sigmund.

Vanquished Creatures
  A gnoll (D:1)
  2 adders
  2 worms (D:2)
  2 dart slugs
  An orc (D:3)
  4 endoplasms
  6 giant cockroaches
  8 goblins
  9 hobgoblins
  3 quokkas
  5 ball pythons
  10 bats
  7 kobolds (D:1)
  6 rats
66 creatures vanquished.

Notes
Turn   | Place    | Note
-------+----------+-------------------------------------------
     0 | D:1      | lunkers the Formicid Hexslinger began the quest for the
                  | Orb.
     0 | D:1      | Reached XP level 1. HP: 15/15 MP: 2/2
    53 | D:1      | Found a large runed translucent door.
    53 | D:1      | Found a large runed translucent door.
   139 | D:1      | Reached XP level 2. HP: 21/21 MP: 3/3
   308 | D:1      | Reached XP level 3. HP: 26/26 MP: 4/4
  1042 | D:1      | Learned a level 2 spell: Jinxbite
  1056 | D:1      | Reached XP level 4. HP: 28/31 MP: 3/5
  2176 | D:3      | Reached XP level 5. HP: 37/37 MP: 6/6
  2306 | D:3      | Noticed Sigmund
  2317 | D:3      | HP: 1/37 [poisoned by Sigmund]
  2318 | D:3      | Slain by Sigmund

Illustrated notes

Levels and vault maps discovered:
D:1:      erik_arrival_cave_to_civilisation [erik_arrival_cave_to_temple],
          layout_basic, nicolae_titane
D:2:      layout_loops_corners, supply_closet_lemuel
D:3:      layout_basic, serial_shops, nicolae_shop_industrial_runoff,
          uniq_sigmund

Skill      XL: |  1  2  3  4 |
---------------+-------------+-----
Hexes          | 4 |  4.7
Ranged Weapons | 3 4 |  4.1
Fighting       | |  1.1
Dodging        | |  1.7
Spellcasting   | |  1.1
Fire Magic     | |  1.0

Action                     |  1- 3 |  4- 6 || total
---------------------------+-------+-------++-------
   Fire: Sling             |    63 |    84 ||   147
   Cast: Jinxbite          |     1 |     6 ||     7
Ability: Dig               |     3 |       ||     3
    Use: Potion            |       |     2 ||     2
 Armour: Robe              |    10 |    29 ||    39
  Dodge: Dodged            |     9 |    34 ||    43

Table legend: (Time is in decaauts)
 A = Elapsed time spent in this place.
 B = Non-inter-level travel time spent in this place.
 C = Inter-level travel time spent in this place.
 D = Time resting spent in this place.
 E = Time spent auto-exploring this place.
 F = Levels seen in this place.
 G = Mean time per level.
                   A        B        C        D        E       F      G
               +--------+--------+--------+--------+--------+-----+--------+
         Total |   2352 |   2291 |     61 |      0 |   1941 |   3 |  784.0 |
       Dungeon |   2352 |   2291 |     61 |      0 |   1941 |   3 |  784.0 |
               +--------+--------+--------+--------+--------+-----+--------+

Top non-repeatable levels by time:
     D:1: 1201 daAuts
     D:2: 884 daAuts
     D:3: 266 daAuts
